 Dungeon Crawl Stone Soup version 0.29.1-12-g30fa7ad0bf (webtiles) character file.

Game seed: 1378677443902992914

154 kingofthe the Ducker (level 5, -2/28 HPs)
             Began as a Deep Elf Venom Mage on Jan 16, 2023.
             Slain by a wight
             ... wielding a +3 long sword
              (11 damage)
             ... in a sewer.
             The game lasted 00:12:38 (3585 turns).

kingofthe the Ducker (Deep Elf Venom Mage)          Turns: 3585, Time: 00:12:39

Health: -2/28      AC:  2    Str:  5    XL:     5   Next: 13%
Magic:  1/13       EV: 14    Int: 20    God:
Gold:   150        SH:  0    Dex: 17    Spells: 5/12 levels left

rFire   . . .      SeeInvis .   a - +3 trident
rCold   . . .      Faith    .   (no shield)
rNeg    . . .      Spirit   .   o - +0 robe
rPois   .          Reflect  .   (no helmet)
rElec   .          Harm     .   (no cloak)
rCorr   .          Rampage  .   (no gloves)
Will    .....                   (no boots)
Stlth   +++.......              (no amulet)
HPRegen 0.09/turn               (no ring)
MPRegen 0.13/turn               (no ring)

@: no status effects
A: no striking features
a: no special abilities


You were in a sewer.
You visited 1 branch of the dungeon, and saw 3 of its levels.
You also visited: Sewer.

You collected 150 gold pieces.

Inventory:

Hand Weapons
 a - a +3 trident (weapon)
 i - a +0 dagger
Armour
 o - a +0 robe (worn)
Jewellery
 g - a ring of wizardry
Wands
 n - a wand of mindburst (15)
Scrolls
 d - a scroll of vulnerability {unknown}
 k - a scroll of fear {unknown}
 l - a scroll of poison {unknown}
 p - a scroll of brand weapon {unknown}
Potions
 b - a potion of magic
 c - a potion of might {unknown}
 e - a potion of curing {unknown}
 f - a potion of resistance {unknown}
 h - a potion of haste {unknown}
 j - a potion of brilliance {unknown}


   Skills:
 + Level 4.1 Dodging
 - Level 3.5 Stealth
 + Level 4.1 Spellcasting
 + Level 1.0 Hexes
 - Level 1.1 Transmutations
 + Level 1.2 Air Magic
 + Level 4.0 Poison Magic


You had 5 spell levels left.
You knew the following spells:

 Your Spells              Type           Power      Damage    Failure   Level
a - Sting                 Tmut/Pois      56%        1d5       4%          1
b - Poisonous Vapours     Pois/Air       28%        N/A       6%          2
c - Mephitic Cloud        Conj/Pois/Air  11%        N/A       19%         3
d - Slow                  Hex            32%        N/A       9%          1

Your spell library contained the following spells:

 Spells                   Type           Power      Damage    Failure   Level
 Olgreb's Toxic Radiance  Pois           20%        N/A       24%         4
 Confusing Touch          Hex            8%         N/A       26%         3
 Stone Arrow              Conj/Erth      8%         3d7       36%         3
 Vampiric Draining        Necr           4%         2d6       36%         3
 Animate Armour           Summ/Erth      8%         N/A       77%         4
 Lehudib's Crystal Spear  Conj/Erth      2%         10d2      100%        8


Dungeon Overview and Level Annotations

Branches:
Dungeon (3/15)              Sewer (1/1)

Altars:

Annotations:
D:3 Natasha


Message History

The shadow imp misses you.
Reach: a) +3 trident
Press: ? - help, Dir - move target, f/p - shadow imp
Aim: a shadow imp (moderately wounded, poisoned, about 42% to evade your +3 trident)
You hit the shadow imp.
The shadow imp is heavily wounded.
The shadow imp barely misses you.
It was a potion of heal wounds.
You feel much better. The shadow imp misses you.
Casting: Sting (safe; 4% risk of failure)
Confirm with . or Enter, or press ? or * to list all spells.
Okay, then.
You hit the shadow imp but do no damage.
The shadow imp is heavily wounded.
The shadow imp hits you.
A wight comes into view. It is wielding a +3 long sword.
You hit the shadow imp.
The shadow imp is almost dead.
The shadow imp barely misses you. The shadow imp misses you.
You barely miss the shadow imp.
You punch the shadow imp, but do no damage.
The shadow imp is almost dead.
The shadow imp looks more healthy.
A kobold comes into view. It is wielding a +0 short sword.
The shadow imp gestures at you. Pain shoots through your body!
The shadow imp hits you.
Things that are here:
a +0 dagger; a scroll labelled WYESTR TOTIH; a kobold corpse The shadow imp hits you.
Items here: )) ††.
The shadow imp misses you.
Things that are here:
a +0 short sword; a kobold corpse The shadow imp attacks as you move away!
The shadow imp hits you but does no damage.
A shadow imp comes into view.
The wight attacks as you move away!
The wight hits you with a +3 long sword!
You die...

###≈≈.# ################≈##
#≈~.#≈≈≈≈≈≈≈≈≈≈≈≈~..'.~~#
#~~.#≈≈≈≈≈≈≈≈≈≈≈≈~~.#..≈#
#≈~)#≈≈≈≈≈≈≈≈≈≈≈≈≈~)#K≈≈#
#≈~.#≈≈≈≈≈≈≈≈≈≈≈≈~~.#KK≈#
#≈~.#≈≈≈≈≈≈≈≈≈≈≈≈5).#.≈≈#
#≈~)# ≈≈≈≈≈≈~≈≈~~)..#KK≈#
#≈~.####≈#≈≈###≈#)####.##
#≈~.#.........@zK.≈≈#...#
#≈...............≈≈≈≈5..'.
#≈..#.........)...≈≈#...#KK.
##~####≈##≈##≈###.####.###..⌠.
#~.~≈≈~≈≈≈≈≈≈~≈≈~... .~≈# ....
#≈.~≈≈≈≈≈≈≈≈≈≈≈≈≈≈..#.~≈#


''' #~~~≈≈≈≈≈≈≈≈≈≈≈≈~≈~.#.~≈ .. #~~~≈≈≈≈≈≈≈≈≈≈≈≈≈~~.# #≈≈≈≈≈≈≈≈≈≈≈≈≈≈≈≈≈~ You
could see a wight, 2 shadow imps and a kobold.

Vanquished Creatures
  4 adders (D:2)
  2 shadow imps (Sewer)
  2 ufetubi (Sewer)
  An adder zombie (Sewer)
  A worm (D:3)
  2 dart slugs
  An orc (D:3)
  6 ball pythons
  A bat zombie (Sewer)
  7 endoplasms
  6 giant cockroaches
  3 goblins
  7 hobgoblins
  6 quokkas
  5 bats
  A frilled lizard (D:2)
  A giant cockroach zombie (Sewer)
  17 kobolds
  A kobold zombie (Sewer)
  4 rats
78 creatures vanquished.

Notes
Turn   | Place    | Note
-------+----------+-------------------------------------------
     0 | D:1      | kingofthe the Deep Elf Venom Mage began the quest for the
                  | Orb.
     0 | D:1      | Reached XP level 1. HP: 10/10 MP: 6/6
   256 | D:1      | Found a faded altar of an unknown god.
   291 | D:1      | Reached XP level 2. HP: 11/15 MP: 5/8
   320 | D:1      | Learned a level 2 spell: Poisonous Vapours
  1506 | D:2      | Reached XP level 3. HP: 19/19 MP: 5/9
  2186 | D:2      | Reached XP level 4. HP: 18/24 MP: 3/11
  2250 | D:2      | Learned a level 3 spell: Mephitic Cloud
  2810 | D:3      | Reached skill level 1 in Air Magic
  2846 | D:3      | Noticed Natasha
  2848 | D:3      | Found a glowing drain.
  2858 | Sewer    | Entered a sewer
  3089 | Sewer    | Learned a level 1 spell: Slow
  3424 | Sewer    | Reached XP level 5. HP: 19/28 MP: 6/13
  3561 | Sewer    | Reached skill level 1 in Hexes
  3585 | Sewer    | Slain by a wight

Illustrated notes

Levels and vault maps discovered:
D:1:      heliophobic_arrival_henge, layout_basic,
          shapermc_ecumenical_altar_starsandcircs, minmay_large_rounded_square
D:2:      layout_loops_ring
D:3:      cheibrodos_greedy_goblins, layout_rooms, portal_sewer_entry_f,
          roderic_batcave, chequers_serial_rivers_large_a, uniq_natasha,
          uniq_grinder
Sewer:    kennysheep_sewer_church

Skill      XL: |  1  2  3  4  5 |
---------------+----------------+-----
Stealth        | 3 |  3.5
Dodging        | 3 4 |  4.1
Air Magic      | 1 |  1.2
Spellcasting   | 4 |  4.1
Poison Magic   | 4 |  4.0
Hexes          | 1 |  1.0
Transmutations | |  1.1

Action                   |  1- 3 |  4- 6 || total
-------------------------+-------+-------++-------
Melee: Unarmed           |     1 |       ||     1
       Trident           |       |    25 ||    25
       Punch             |       |     1 ||     1
 Cast: Sting             |    80 |    93 ||   173
       Poisonous Vapours |     7 |    10 ||    17
  Use: Potion            |       |     1 ||     1
Armor: Robe              |     3 |    23 ||    26
Dodge: Dodged            |    23 |    93 ||   116
